 Dungeon Crawl Stone Soup version 0.30.1-3-gfc49f6343a (webtiles) character file.

Game seed: 18075928174860020996

310 cdecastro the Grasshopper (level 6, -3/51 HPs)
             Began as an Armataur Warper on July 26, 2023.
             Was a Priest of Fedhas.
             Slain by an iguana (11 damage)
             ... on level 4 of the Dungeon.
             The game lasted 00:06:31 (3390 turns).

cdecastro the Grasshopper (Armataur Warper)         Turns: 3390, Time: 00:06:32

Health: -3/51      AC:  5    Str: 19    XL:     6   Next: 17%
Magic:  8/8        EV:  9    Int: 13    God:    Fedhas [***...]
Gold:   114        SH:  0    Dex:  9    Spells: 3/8 levels left

rFire   . . .        a - +0 mace
rCold   . . .        (no shield)
rNeg    . . .        b - +0 leather armour
rPois   .            (no helmet)
rElec   .            v - +0 cloak
rCorr   .            (no gloves)
SInv    .            (no barding)
Will    .....        (no amulet)
Stlth   +            n - +4 ring of slaying
HPRegen 0.28/turn    (no ring)
MPRegen 0.11/turn

%: roll
@: no status effects
A: large, rugged brown scales 3, deformed body, armoured tail, roll, long
tongue, awkward tongue
a: Renounce Religion, Wall of Briars, Grow Ballistomycete


You were on level 4 of the Dungeon.
You worshipped Fedhas.
Fedhas was most pleased with you.
You visited 1 branch of the dungeon, and saw 4 of its levels.

You collected 114 gold pieces.

Inventory:

Hand Weapons
 a - a +0 mace (weapon)
Missiles
 d - 7 boomerangs of dispersal (quivered)
 w - 3 curare-tipped darts
Armour
 b - a +0 leather armour (worn)
 v - a +0 cloak (worn)
Magical Staves
 g - a staff of death
 x - a staff of poison
Jewellery
 n - a +4 ring of slaying (left hand)
Scrolls
 c - 2 scrolls of blinking
 e - 2 scrolls of vulnerability {unknown}
 k - a scroll of magic mapping {unknown}
 l - a scroll of identify {unknown}
 m - a scroll of fog {unknown}
 o - 6 scrolls of teleportation {unknown}
 p - a scroll of silence {unknown}
 r - a scroll of fear {unknown}
 s - a scroll of immolation {unknown}
 t - a scroll of noise {unknown}
Potions
 f - 2 potions of heal wounds
 h - a potion of cancellation {unknown}
 i - 3 potions of curing {unknown}
 j - 2 potions of resistance {unknown}
 q - a potion of haste {unknown}
 u - a potion of might {unknown}
 z - a potion of berserk rage {unknown}


   Skills:
 - Level 1.7 Fighting
 - Level 1.7 Maces & Flails
 - Level 0.8 Throwing
 - Level 1.2 Armour
 - Level 1.3 Dodging
 - Level 1.7 Spellcasting
 + Level 7.0 Translocations


You had 3 spell levels left.
You knew the following spells:

 Your Spells              Type           Power      Damage    Failure   Level
a - Blink                 Tloc           38%        N/A       2%          2
b - Teleport Other        Tloc           19%        N/A       5%          3

Your spell library contained the following spells:

 Spells                   Type           Power      Damage    Failure   Level
 Lesser Beckoning         Tloc           38%        N/A       2%          2
 Gell's Gravitas          Tloc           19%        N/A       5%          3
 Vhi's Electric Charge    Tloc/Air       20%        N/A       22%         3
 Beastly Appendage        Tmut           2%         N/A       30%         1
 Manifold Assault         Tloc           19%        N/A       17%         4
 Dispersal                Tloc           9%         N/A       95%         6
 Iskenderun's Battlesphe  Conj           1%         2d6       100%        5
 Iron Shot                Conj/Erth      0%         9d1       100%        6
 Spellforged Servitor     Conj/Summ      0%         N/A       100%        7


Dungeon Overview and Level Annotations

Branches:
Dungeon (4/15)
 Temple: D:4-7

Altars:
Fedhas
Makhleb
Nemelex Xobeh
The Shining One


Innate Abilities, Weirdness & Mutations

You are completely covered in rugged brown scales. (AC +3, +7% HP)
Armour fits poorly on your strangely shaped body.
You have a long armoured tail.
You roll when moving toward enemies. (Rampage)
Your long tongue fully drains potion bottles. (2x potion effects)
Your tongue gives you trouble enunciating. (1.5x scroll delay)


Message History

The white imp shouts!
The white imp gestures at you. The puff of frost hits you!
The goblin zombie moves out of view.
You start resting.
An iguana comes into view.
The iguana hisses angrily.
The white imp attacks as you move away!
The white imp hits you but does no damage.
The white imp gestures at you. The puff of frost hits you!
You roll towards the white imp!
You barely miss the white imp. You tail-slap the white imp.
The white imp is lightly wounded.
The white imp gestures at you. The puff of frost hits you.
You closely miss the white imp.
Your tail-slap misses the white imp.
The white imp is lightly wounded.
The white imp hits you but does no damage.
The white imp hits you. The white imp freezes you.
You hit the white imp.
The white imp is heavily wounded.
The white imp gestures at you. The puff of frost hits you!
* * * LOW HITPOINT WARNING * * *
You hit the white imp.
The white imp is almost dead.
The white imp barely misses you.
You hit the white imp.
You kill the white imp!
Fedhas accepts your kill. The iguana bites you!
* * * LOW HITPOINT WARNING * * *
You hit the iguana.
The iguana is lightly wounded.
The iguana barely misses you.
You hit the iguana.
The iguana is heavily wounded.
The iguana bites you!
You die...
Fedhas appreciates your contribution to the ecosystem.

#.# #. ## #.# ######. ..
############.####...... #.
#..............##...... #.#
#.########.....##......
#####..##.# #.....##......
........#.# #.....####....
........#.########.....####....
#..##.......Zl@..'.....'.)....>
#.#..#.########.....#######.
..#...#.# #.....# . ... #...#.#
#####)# . ._
.'...#'############.# .
5.##.................# ...
#.................#### .#
#.....................'.
................####.'.


You could see an iguana and a goblin zombie.

Vanquished Creatures
  2 orc priests (D:4)
  Jessica (D:3)
  5 adders
  A white imp (D:4)
  A worm (D:3)
  6 dart slugs
  8 orcs
  A ball python (D:3)
  2 endoplasms
  5 giant cockroaches
  8 goblins
  7 hobgoblins
  7 kobolds
  3 quokkas
  4 bats
  2 frilled lizards
  A hobgoblin zombie (D:4)
  An orc zombie (D:4)
  3 rats
68 creatures vanquished.

Vanquished Creatures (collateral kills)
  A scorpion (D:4)
  An orc wizard (D:4)
  An orc (D:4)
3 creatures vanquished.

Grand Total: 71 creatures vanquished

Notes
Turn   | Place    | Note
-------+----------+-------------------------------------------
     0 | D:1      | cdecastro the Armataur Warper began the quest for the Orb.
     0 | D:1      | Reached XP level 1. HP: 18/18 MP: 3/3
    41 | D:1      | Found a faded altar of an unknown god.
    49 | D:1      | Got Plato's Anthology of Changes
    54 | D:1      | Prayed at the altar of an unknown god.
    54 | D:1      | Became a worshipper of Fedhas Madash
    54 | D:1      | Reached * piety under Fedhas
   113 | D:1      | Reached XP level 2. HP: 20/25 MP: 4/4
   450 | D:1      | Reached skill level 4 in Translocations
   897 | D:2      | Reached XP level 3. HP: 19/31 MP: 5/5
  1099 | D:2      | Reached ** piety under Fedhas
  1935 | D:3      | Reached skill level 5 in Translocations
  1935 | D:3      | Reached XP level 4. HP: 35/38 MP: 6/6
  2026 | D:3      | Found a sparkling altar of Nemelex Xobeh.
  2418 | D:3      | Noticed Jessica
  2429 | D:3      | Killed Jessica
  2703 | D:4      | Found a burning altar of Makhleb.
  2703 | D:4      | Noticed a scorpion
  2725 | D:4      | Killed a scorpion
  2726 | D:4      | Reached skill level 6 in Translocations
  2726 | D:4      | Reached XP level 5. HP: 35/43 MP: 3/7
  2905 | D:4      | Noticed a black bear
  3063 | D:4      | Learned a level 2 spell: Blink
  3067 | D:4      | Learned a level 3 spell: Teleport Other
  3130 | D:4      | Reached XP level 6. HP: 18/51 MP: 4/8
  3308 | D:4      | Reached skill level 7 in Translocations
  3365 | D:4      | Reached *** piety under Fedhas
  3370 | D:4      | Found a glowing golden altar of the Shining One.
  3390 | D:4      | Slain by an iguana

Illustrated notes

Levels and vault maps discovered:
D:1:      ncdulo_watergridlock, layout_basic,
          shapermc_ecumenical_altar_rom_forum
D:2:      layout_basic
D:3:      layout_basic, nemelex_dance_club_becter, uniq_jessica
D:4:      layout_basic, nicolae_tso_besieged_by_evil,
          mainiacjoe_overflow_alcove_4, lemuel_crystal_altar,
          minmay_temple_entry_gardened_gates

Skill      XL: |  1  2  3  4  5  6 |
---------------+-------------------+-----
Translocations | 4 5 6 7 |  7.0
Fighting       | |  1.7
Maces & Flails | |  1.7
Throwing       | |  0.8
Armour         | |  1.2
Dodging        | |  1.3
Spellcasting   | |  1.7

Action                     |  1- 3 |  4- 6 || total
---------------------------+-------+-------++-------
  Melee: Mace              |   134 |    89 ||   223
         Tailslap          |     8 |     9 ||    17
         Punch             |       |     1 ||     1
 Invoke: Wall of Briars    |       |     2 ||     2
    Use: Potion            |       |     1 ||     1
 Armour: Leather armour    |    60 |    29 ||    89
  Dodge: Dodged            |    59 |    32 ||    91
